[Event "Titled Tuesday Blitz June 14 Late 2022"]
[White "Tymrakiewicz, Rafal"]
[Black "Tanenbaum, Zachary"]
[WhiteFideId "1108832"]
[BlackFideId "2060850"]
[WhiteElo "2205"]
[BlackElo "2175"]
[Result "0-1"]
[Round "07"]
[TimeControl "180+1"]
[Date "2022.06.14"]
[WhiteClock "0:00:20"]
[BlackClock "0:00:57"]

1. d4 d5 2. Bg5 Nf6 3. e3 Bf5 4. Bd3 Bg6 5. Nf3 Nbd7 6. O-O e6 7. c4 c6 8. Nc3 Bd6 9. Qe2 O-O 10. Rad1 Qc7 11. Bxg6 hxg6 12. c5 Be7 13. Bf4 Qc8 14. h3 Bd8 15. b4 Bc7 16. a4 Re8 17. Bxc7 Qxc7 18. b5 e5 19. Rb1 exd4 20. Nxd4 Nxc5 21. bxc6 bxc6 22. Rfc1 Ne6 23. Ncb5 Nxd4 24. Nxd4 c5 25. Nb3 c4 26. Nd4 Rab8 27. Rb5 a6 28. Rxb8 Rxb8 29. f3 Qe5 30. Nc6 Qb2 31. Rc2 Qa1+ 32. Kh2 Rb1 33. Ra2 Rh1+ 34. Kg3 Nh5+ 35. Kf2 Qg1# 0-1


[Site "https://www.chess.com"]

[Event "Titled Tuesday Blitz June 14 Late 2022"]
[White "Urbina Perez, Juan Antonio"]
[Black "Mammadova, Gulnar"]
[WhiteFideId "2217368"]
[BlackFideId "13403508"]
[WhiteElo "2192"]
[BlackElo "2255"]
[Result "0-1"]
[Round "07"]
[TimeControl "180+1"]
[Date "2022.06.15"]
[WhiteClock "0:00:01"]
[BlackClock "0:00:11"]

1. Nf3 Nf6 2. e3 g6 3. d4 Bg7 4. Be2 d6 5. O-O O-O 6. c4 b6 7. Nc3 Bb7 8. d5 Nbd7 9. e4 e5 10. Be3 Ng4 11. Bg5 f6 12. Bh4 g5 13. Bg3 h5 14. h3 Nh6 15. Nd2 h4 16. Bh2 a5 17. a3 Qe7 18. Rb1 Rf7 19. Bh5 Rff8 20. b4 axb4 21. axb4 Bc8 22. Nb5 Nb8 23. Qc2 f5 24. exf5 Bxf5 25. Ne4 Nd7 26. Be2 Nf6 27. Bd3 Bxe4 28. Bxe4 g4 29. hxg4 Nfxg4 30. c5 bxc5 31. bxc5 Nxh2 32. Kxh2 Ng4+ 33. Kg1 Rf6 34. cxd6 cxd6 35. Qc7 Re8 36. Qxe7 Rxe7 37. f3 Ne3 38. Rfe1 Nc4 39. Re2 h3 40. gxh3 Bh6 41. Rg2+ Kf8 42. Ra1 Nb6 43. Ra6 Ref7 44. Kf1 Nc4 45. Ra8+ Ke7 46. Ra7+ Kd8 47. Rxf7 Rxf7 48. Ke2 Ke7 49. Kd3 Na5 50. Rc2 Rf6 51. Rc7+ Kd8 52. Ra7 Nb3 53. Nc7 Nc5+ 54. Kc4 Nxe4 55. fxe4 Rf3 56. Ne6+ Ke8 57. Rh7 Bd2 58. Rh8+ Ke7 59. Rh7+ Kf6 60. Rh8 Rc3+ 61. Kb5 Re3 62. Rh6+ Kf7 63. Rh7+ Kg6 64. Rg7+ Kf6 65. Rg4 Rb3+ 66. Kc6 Bb4 67. Kd7 Rxh3 0-1


[Site "https://www.chess.com"]

[Event "Titled Tuesday Blitz June 14 Late 2022"]
[White "Uskov, Artem"]
[Black "Ladan, Nicholas"]
[WhiteFideId "34254854"]
[BlackFideId "30918855"]
[WhiteElo "2335"]
[BlackElo "2167"]
[Result "0-1"]
[Round "07"]
[TimeControl "180+1"]
[Date "2022.06.15"]
[WhiteClock "0:00:06"]
[BlackClock "0:00:04"]

1. e4 e5 2. f4 exf4 3. Nf3 Be7 4. Bc4 Bh4+ 5. Kf1 Be7 6. d4 d5 7. exd5 Nf6 8. Bxf4 Nbd7 9. Bb3 b5 10. a4 b4 11. c4 bxc3 12. bxc3 Ba6+ 13. Kg1 Nb6 14. a5 Nbxd5 15. Bd2 c5 16. c4 Nb4 17. Bxb4 cxb4 18. Ba4+ Kf8 19. g3 Bxc4 20. Nbd2 Bd5 21. Bb3 Ng4 22. Qe2 Bf6 23. h3 Bxf3 24. Nxf3 Bxd4+ 25. Kg2 Bxa1 26. hxg4 Bc3 27. Rd1 Qe7 28. Qb5 Rd8 29. Rxd8+ Qxd8 30. Qb7 Qe7 31. Qc8+ Qe8 32. Qc5+ Qe7 33. Qd5 h5 34. g5 h4 35. Nxh4 Qe2+ 36. Kh1 Qe1+ 37. Kg2 Qe2+ 38. Kh1 Qf1+ 39. Kh2 Qf2+ 40. Kh3 Qf1+ 41. Kg4 Qe2+ 42. Nf3 Qe6+ 43. Qxe6 fxe6 44. Nh4 Rxh4+ 45. gxh4 e5 46. Kf5 Ke7 47. h5 Kd6 48. Ke4 Ke7 49. Kf5 Bd4 50. a6 Bc3 51. h6 Kf8 52. h7 g6+ 53. Kxg6 e4 54. Kf5 e3 55. Bd1 b3 0-1


[Site "https://www.chess.com"]

[Event "Titled Tuesday Blitz June 14 Late 2022"]
[White "Voege, Tobias"]
[Black "Hjartarson, Johann"]
[WhiteFideId "1270513"]
[BlackFideId "2300044"]
[WhiteElo "2379"]
[BlackElo "2458"]
[Result "1/2-1/2"]
[Round "07"]
[TimeControl "180+1"]
[Date "2022.06.14"]
[WhiteClock "0:00:04"]
[BlackClock "0:00:04"]

1. d4 Nf6 2. c4 g6 3. Nc3 Bg7 4. Bg5 O-O 5. Nf3 c5 6. d5 d6 7. e3 h6 8. Bh4 g5 9. Bg3 Nh5 10. Qc2 Nd7 11. Be2 Ndf6 12. Nd2 Nxg3 13. hxg3 e6 14. dxe6 Bxe6 15. O-O-O a6 16. Nde4 Nxe4 17. Nxe4 Bf5 18. Bd3 Qa5 19. Nxd6 Bxd3 20. Rxd3 b5 21. Nf5 Qxa2 22. Nxh6+ Bxh6 23. Rxh6 Qxc4 24. Qxc4 bxc4 25. Rd5 Kg7 26. Rh5 f6 27. Rxc5 Rac8 28. Ra5 c3 29. Rxa6 Rfd8 30. b4 Rd2 31. Ra7+ Kg6 32. g4 Rxf2 33. Rah7 Rf1+ 34. Kc2 Rf2+ 35. Kb3 Rb2+ 36. Ka4 Ra8+ 37. Kb5 Rb8+ 38. Kc6 Rb6+ 39. Kc7 Rb7+ 40. Kxb7 Rxb4+ 41. Ka6 Rxg4 42. R5h6+ Kf5 43. Rc7 Rxg2 44. Rxc3 Rb2 45. Rc6 Ke4 46. Rcxf6 Ra2+ 47. Kb5 Rb2+ 48. Kc4 Kxe3 49. Rhg6 Rg2 50. Kd5 g4 51. Ke5 Rg1 52. Rf4 g3 53. Re4+ Kf3 54. Rf6+ Kg2 55. Rg4 Kh3 56. Rg5 Re1+ 57. Kd4 Rd1+ 58. Ke3 Rg1 59. Rh6+ Kg2 60. Ke2 Ra1 61. Rhg6 Ra3 62. Rg8 Rb3 63. Rg4 Ra3 64. R4g7 Rb3 65. Rd7 Ra3 66. Rd2 Rb3 67. Rh8 Ra3 68. Kd1+ Kg1 69. Kc2 g2 70. Rg8 Ra2+ 71. Kd3 Rxd2+ 72. Kxd2 Kh1 73. Rh8+ Kg1 74. Ke3 Kf1 75. Rf8+ Ke1 76. Rg8 Kf1 77. Rf8+ Ke1 78. Rg8 Kf1 79. Rxg2 Kxg2 1/2-1/2


[Site "https://www.chess.com"]

[Event "Titled Tuesday Blitz June 14 Late 2022"]
[White "Yaksin, Oleg"]
[Black "Terry, Renato"]
[WhiteFideId "24105880"]
[BlackFideId "3803457"]
[WhiteElo "2256"]
[BlackElo "2577"]
[Result "0-1"]
[Round "07"]
[TimeControl "180+1"]
[Date "2022.06.14"]
[WhiteClock "0:00:13"]
[BlackClock "0:01:19"]

1. d4 e6 2. c4 Bb4+ 3. Bd2 c5 4. Bxb4 cxb4 5. g3 Nf6 6. Bg2 O-O 7. e4 d6 8. Ne2 Qc7 9. Nd2 e5 10. O-O Nc6 11. a3 bxa3 12. Rxa3 a5 13. Nb3 Bg4 14. f3 Bd7 15. d5 Nb4 16. Nd2 Rfc8 17. Nc3 Nd3 18. Ra2 Qb6+ 19. Kh1 Nf2+ 20. Rxf2 Qxf2 21. Bf1 a4 22. Qe2 Qd4 23. Kg2 h5 24. h4 a3 25. Ndb1 axb2 26. Rxb2 b5 27. Nxb5 Bxb5 28. cxb5 Rc1 29. b6 Rb8 30. Qd2 Qc5 31. Na3 Rxf1 32. Kxf1 Qxa3 33. b7 Qxf3+ 0-1


[Site "https://www.chess.com"]

[Event "Titled Tuesday Blitz June 14 Late 2022"]
[White "Yoo, Christopher Woojin"]
[Black "Shimanov, Aleksandr"]
[WhiteFideId "30909694"]
[BlackFideId "4198603"]
[WhiteElo "2105"]
[BlackElo "2605"]
[Result "0-1"]
[Round "07"]
[TimeControl "180+1"]
[Date "2022.06.14"]
[WhiteClock "0:00:02"]
[BlackClock "0:00:09"]

1. d4 Nf6 2. c4 e6 3. Bf4 d5 4. cxd5 exd5 5. e3 Bd6 6. Bxd6 Qxd6 7. Bd3 O-O 8. Ne2 Bg4 9. O-O Bxe2 10. Qxe2 Nbd7 11. Nc3 c6 12. Rab1 a5 13. h3 Rfe8 14. Qc2 g6 15. Rfe1 Re7 16. a3 Kg7 17. Rbc1 Rae8 18. Na4 h5 19. Qc3 Ra8 20. Rc2 h4 21. Qb3 Ra7 22. Nb6 Nxb6 23. Qxb6 Ra8 24. Qc5 Qxc5 25. Rxc5 a4 26. Rb1 Ra7 27. Kf1 Ne8 28. Ke2 Nd6 29. Kd2 g5 30. Rg1 f5 31. Rcc1 Kf6 32. g3 hxg3 33. Rxg3 Ra8 34. Rcg1 Rg7 35. h4 g4 36. f3 Rag8 37. fxg4 Rxg4 38. Rxg4 fxg4 39. h5 Kg5 40. Bg6 Rf8 41. Ke2 Nc4 42. Bc2 Re8 43. e4 dxe4 44. Bxa4 Rh8 45. Bb3 Nd6 46. Be6 Rxh5 47. Bxg4 Rh2+ 48. Ke3 Rxb2 49. d5 c5 50. Be2+ Kf6 51. Rh1 Ke5 52. Bg4 Nc4# 0-1


[Site "https://www.chess.com"]

[Event "Titled Tuesday Blitz June 14 Late 2022"]
[White "Yurovskykh, Oleksandr"]
[Black "Injac, Teodora"]
[WhiteFideId "14134020"]
[BlackFideId "932400"]
[WhiteElo "2292"]
[BlackElo "2278"]
[Result "1-0"]
[Round "07"]
[TimeControl "180+1"]
[Date "2022.06.14"]
[WhiteClock "0:01:26"]
[BlackClock "0:00:09"]

1. d4 Nf6 2. c4 g6 3. Nc3 Bg7 4. e4 d6 5. Nf3 O-O 6. Be2 e5 7. d5 a5 8. Bg5 h6 9. Bh4 g5 10. Bg3 Nh5 11. h4 Nxg3 12. fxg3 g4 13. Nh2 h5 14. O-O Bh6 15. Nxg4 hxg4 16. Bxg4 Nd7 17. Bf5 Nf6 18. Qf3 Bxf5 19. Qxf5 Bg7 20. Qh3 Qd7 21. Rf5 c6 22. Raf1 Nh7 23. h5 Bh6 24. Rg5+ Bxg5 25. Qxd7 Be3+ 26. Kh2 Rad8 27. Qxb7 Ng5 28. dxc6 Kg7 29. Nd5 Rh8 30. Nxe3 1-0


[Site "https://www.chess.com"]

[Event "Titled Tuesday Blitz June 14 Late 2022"]
[White "Zhigalko, Sergei"]
[Black "Jobava, Baadur"]
[WhiteFideId "13502956"]
[BlackFideId "13601520"]
[WhiteElo "2662"]
[BlackElo "2617"]
[Result "0-1"]
[Round "07"]
[TimeControl "180+1"]
[Date "2022.06.14"]
[WhiteClock "0:00:01"]
[BlackClock "0:00:13"]

1. e4 d6 2. d4 Nf6 3. Nc3 e5 4. Nf3 Nbd7 5. Bc4 Be7 6. O-O O-O 7. Re1 c6 8. a4 h6 9. h3 Re8 10. Be3 Qc7 11. Ba2 a5 12. Nh4 Nf8 13. Qf3 Be6 14. Nf5 Bxa2 15. Rxa2 Ng6 16. Raa1 Kh7 17. Rad1 Rad8 18. h4 d5 19. h5 Nf8 20. dxe5 Qxe5 21. Bd4 dxe4 22. Nxe4 Rxd4 23. Nxd4 Rd8 24. c3 Kg8 25. Ng3 Qc7 26. Ngf5 Bc5 27. Nxh6+ Kh7 28. Nhf5 Qb6 29. Nxg7 Bxd4 30. cxd4 Kxg7 31. h6+ Kg6 32. Re5 N8h7 33. Qg3+ Kxh6 34. Rd3 Rg8 35. Qh4+ Kg7 36. Rg3+ Kh8 37. Rxg8+ Kxg8 38. Qg3+ Kf8 39. Re1 Qxb2 40. Qb8+ Kg7 41. Qg3+ Kh6 42. Qh4+ Kg6 43. Qg3+ Kh6 44. Qh4+ Kg7 45. Qg3+ Kh8 46. Qb8+ Ng8 47. Qe5+ Nhf6 48. Re3 Qb1+ 49. Kh2 Kg7 50. Rg3+ Kf8 51. Qd6+ Ke8 52. Re3+ Ne4 0-1


[Site "https://www.chess.com"]

[Event "Titled Tuesday Blitz June 14 Late 2022"]
[White "Andreikin, Dmitry"]
[Black "Sjugirov, Sanan"]
[WhiteFideId "4158814"]
[BlackFideId "4189302"]
[WhiteElo "2736"]
[BlackElo "2602"]
[Result "1-0"]
[Round "08"]
[TimeControl "180+1"]
[Date "2022.06.14"]
[WhiteClock "0:00:08"]
[BlackClock "0:00:03"]

1. d4 Nf6 2. c4 e6 3. Nf3 b6 4. Bf4 Bb7 5. e3 Bb4+ 6. Nbd2 O-O 7. Bd3 d6 8. O-O Bxd2 9. Nxd2 Nbd7 10. Bg5 Re8 11. f4 c5 12. b4 Qc7 13. Rc1 a5 14. bxc5 bxc5 15. Qe2 a4 16. Qf2 h6 17. Qh4 cxd4 18. exd4 Ra5 19. c5 dxc5 20. Bxh6 gxh6 21. Qxh6 c4 22. Rxc4 Qd6 23. f5 Qf8 24. Qh3 e5 25. Rc7 e4 26. Bc4 Bd5 27. Re1 Bxc4 28. Nxc4 Rd5 29. Re3 Nh7 30. Rg3+ Kh8 31. Rg4 Rxd4 32. Qc3 1-0


[Site "https://www.chess.com"]

[Event "Titled Tuesday Blitz June 14 Late 2022"]
[White "Babazada, Khazar"]
[Black "Kim, Sergey"]
[WhiteFideId "13413554"]
[BlackFideId "13700570"]
[WhiteElo "2406"]
[BlackElo "2605"]
[Result "1-0"]
[Round "08"]
[TimeControl "180+1"]
[Date "2022.06.14"]
[WhiteClock "0:01:57"]
[BlackClock "0:01:00"]

1. e4 e5 2. Nf3 Nc6 3. d4 exd4 4. Bc4 Nf6 5. O-O Nxe4 6. Re1 d5 7. Bxd5 Qxd5 8. Nc3 Qa5 9. Nxe4 Be6 10. Bg5 Bb4 11. c3 Bd6 12. Nxd4 Nxd4 13. Qxd4 O-O 14. Rad1 Be5 15. Qc5 Qxc5 16. Nxc5 Bd6 17. Nxe6 fxe6 18. Rxe6 Rae8 19. Rxe8 Rxe8 20. Be3 b6 21. g3 a5 22. Kg2 Kf7 23. Bxb6 Re2 24. Bxa5 Rxb2 25. Bxc7 Bc5 26. Rd7+ Ke6 27. Rxg7 h5 28. h4 Bxf2 29. Kf3 Rxa2 30. Rg5 Be1 31. Rxh5 Bxc3 32. Bf4 Bf6 33. Rb5 Ra6 34. Kg4 Be7 35. h5 Kf7 36. Rb7 Ke6 37. h6 Bf6 38. Kh5 Ra5+ 39. Kg6 1-0


[Site "https://www.chess.com"]

[Event "Titled Tuesday Blitz June 14 Late 2022"]
[White "Barria Zuniga, Daniel"]
[Black "Bolanos, Fernando"]
[WhiteFideId "3400816"]
[BlackFideId "3304094"]
[WhiteElo "2414"]
[BlackElo "2048"]
[Result "1-0"]
[Round "08"]
[TimeControl "180+1"]
[Date "2022.06.15"]
[WhiteClock "0:00:22"]
[BlackClock "0:00:12"]

1. d4 Nf6 2. c4 c6 3. Nf3 d5 4. Nc3 a6 5. g3 dxc4 6. Bg2 b5 7. O-O e6 8. a4 Bb7 9. Ne5 Bd6 10. axb5 axb5 11. Rxa8 Bxa8 12. Nxb5 cxb5 13. Bxa8 O-O 14. Bg2 Bxe5 15. dxe5 Nd5 16. Qd4 Qe7 17. Bxd5 exd5 18. Qxd5 Nd7 19. Qxb5 Nxe5 20. Rd1 h6 21. Bf4 Ng6 22. Qxc4 Nxf4 23. Qxf4 Qxe2 24. Qd2 Qb5 25. b4 Rb8 26. Rb1 Re8 27. h4 Re2 28. Qf4 g6 29. Qxh6 Qf5 30. Rf1 Rb2 31. Qe3 Rxb4 32. Rc1 Rb1 33. Rxb1 Qxb1+ 34. Kg2 Qb7+ 35. Qf3 Qd7 36. Qe4 Qc7 37. Qf3 Kg7 38. h5 gxh5 39. Qxh5 Qc6+ 40. Qf3 Qc1 41. Qg4+ Kf8 42. Qe4 Qc5 43. g4 Qg5 44. Kg3 Qc1 45. Kg2 Qg5 46. Qc4 Qe5 47. Kf3 Qe1 48. Qf4 Qd1+ 49. Ke3 Qe1+ 50. Kd3 Kg8 51. Qg5+ Kf8 52. Qc5+ Kg8 53. Qg5+ Kf8 54. Qf5 Kg8 55. Kd4 Kf8 56. Kc5 Qd2 57. Kc6 Kg8 58. Kc7 Qd4 59. f4 Qd2 60. Qg5+ Kh7 61. Kc6 Qg2+ 62. Kd6 Qb7 63. Qf5+ Kg7 64. Qe5+ Kf8 65. Qh8# 1-0


[Site "https://www.chess.com"]

[Event "Titled Tuesday Blitz June 14 Late 2022"]
[White "Beulen, Marcel"]
[Black "Jocev, Milan"]
[WhiteFideId "1001450"]
[BlackFideId "900680"]
[WhiteElo "2398"]
[BlackElo "2322"]
[Result "1-0"]
[Round "08"]
[TimeControl "180+1"]
[Date "2022.06.15"]
[WhiteClock "0:00:17"]
[BlackClock "0:00:01"]

1. e4 e5 2. Nf3 Nc6 3. Bc4 Nf6 4. d3 Bc5 5. c3 d6 6. Nbd2 a6 7. Bb3 O-O 8. O-O Re8 9. h3 Be6 10. Re1 Ba7 11. Nf1 d5 12. Ng3 dxe4 13. dxe4 Qxd1 14. Rxd1 Bxb3 15. axb3 h6 16. Bd2 Rad8 17. b4 Rd7 18. Be1 Red8 19. Rxd7 Rxd7 20. Kf1 Kf8 21. Ke2 Bb6 22. Rd1 Rxd1 23. Kxd1 g6 24. Ke2 h5 25. Bd2 Ne8 26. Be3 Nd6 27. Bxb6 cxb6 28. Kd3 b5 29. b3 b6 30. Nf1 a5 31. bxa5 bxa5 32. Ne3 a4 33. bxa4 bxa4 34. Nc2 Ke7 35. Nd2 Na5 36. c4 Nab7 37. Kc3 Nc5 38. f3 f5 39. exf5 gxf5 40. Kb4 Ndb7 41. Nb1 Kd6 42. Nc3 Nd3+ 43. Kxa4 Nf4 44. Ne3 Nc5+ 45. Kb5 Nb3 46. Nxf5+ Ke6 47. g4 Nxh3 48. Ng7+ Kf6 49. Nxh5+ Kg5 50. Ne4+ Kg6 51. c5 Nd4+ 52. Kb6 Ng1 53. Nd2 e4 54. fxe4 Nge2 55. c6 Nxc6 56. Kxc6 Kg5 57. e5 Kxg4 58. Ng7 Nd4+ 59. Kd5 Nb5 60. Kc5 Nc7 61. Nc4 Kg5 62. Kd6 Nb5+ 63. Kd5 Kg6 64. Ne8 Kf7 65. Ned6+ Ke7 66. Nxb5 Kd7 67. Nd4 Kd8 68. Kd6 1-0


[Site "https://www.chess.com"]

[Event "Titled Tuesday Blitz June 14 Late 2022"]
[White "Bjelobrk, Igor"]
[Black "Goncalves, Davi Sulzbacher"]
[WhiteFideId "4300726"]
[BlackFideId "2154510"]
[WhiteElo "2335"]
[BlackElo "2107"]
[Result "0-1"]
[Round "08"]
[TimeControl "180+1"]
[Date "2022.06.15"]
[WhiteClock "0:00:09"]
[BlackClock "0:00:14"]

1. Nf3 Nf6 2. c4 g6 3. Nc3 d5 4. cxd5 Nxd5 5. h4 Nxc3 6. bxc3 Nc6 7. h5 Bg7 8. d4 Bg4 9. h6 Bf6 10. e4 e5 11. d5 Ne7 12. Qb3 O-O 13. Qxb7 Rb8 14. Qxa7 c6 15. c4 cxd5 16. cxd5 Nxd5 17. exd5 e4 18. Nd4 Ra8 19. Qc5 Ra5 20. Nb5 Rxb5 21. Bxb5 Bxa1 22. O-O Qf6 23. Be3 Be5 24. d6 Bxd6 25. Qd4 Be5 26. Qxe4 Bf5 27. Qd5 Rd8 28. Bg5 Qxg5 29. Qxe5 Qxh6 30. a4 Qd2 31. Re1 Be6 32. Re3 Qc1+ 33. Re1 Qc8 34. a5 Rd5 35. Qe2 Qb8 36. Bc4 Rxa5 37. Bxe6 fxe6 38. Qxe6+ Kg7 39. Qe7+ Kh6 40. Qf6 Rf5 41. Qh4+ Rh5 42. Qf4+ Qxf4 0-1


[Site "https://www.chess.com"]

[Event "Titled Tuesday Blitz June 14 Late 2022"]
[White "Bortnyk, Olexandr"]
[Black "Nakamura, Hikaru"]
[WhiteFideId "14120828"]
[BlackFideId "2016192"]
[WhiteElo "2723"]
[BlackElo "2850"]
[Result "0-1"]
[Round "08"]
[TimeControl "180+1"]
[Date "2022.06.14"]
[WhiteClock "0:00:01"]
[BlackClock "0:00:48"]

1. e4 c5 2. c3 d5 3. exd5 Qxd5 4. d4 e6 5. Be3 cxd4 6. cxd4 Nf6 7. Nc3 Qd8 8. Nf3 Bb4 9. Bd3 O-O 10. O-O b6 11. Qe2 Bb7 12. Rfd1 h6 13. Ne5 Nc6 14. Ne4 Be7 15. Qf3 Nd5 16. Bxh6 gxh6 17. Qg3+ Kh8 18. Qh3 Bg5 19. g3 Kg7 20. f4 Nxf4 21. gxf4 Qxd4+ 22. Kf1 Nxe5 23. fxg5 Bxe4 24. Be2 Qxb2 25. Qxh6+ Kg8 26. Qf6 Rac8 27. Re1 Nc4 28. Kf2 Qxf6+ 29. gxf6 Bh7 30. Rg1+ Kh8 31. Rad1 Ne5 32. Rg5 Rc5 0-1


[Site "https://www.chess.com"]

[Event "Titled Tuesday Blitz June 14 Late 2022"]
[White "Bryakin, Mikhail"]
[Black "Zhigalko, Sergei"]
[WhiteFideId "4165314"]
[BlackFideId "13502956"]
[WhiteElo "2417"]
[BlackElo "2662"]
[Result "1-0"]
[Round "08"]
[TimeControl "180+1"]
[Date "2022.06.14"]
[WhiteClock "0:00:03"]
[BlackClock "0:00:01"]

1. b3 e5 2. Bb2 d6 3. e3 Nf6 4. c4 Be7 5. Nc3 O-O 6. g3 c6 7. d4 e4 8. Bg2 d5 9. Nge2 Re8 10. h3 Bd6 11. a4 Na6 12. Na2 h5 13. c5 Bc7 14. b4 Bd7 15. Qb3 b6 16. Bc3 Rb8 17. Qa3 Rb7 18. Kd2 Qe7 19. Rac1 Reb8 20. Rc2 Qe8 21. Qc1 bxc5 22. dxc5 Nxb4 23. Nxb4 Rxb4 24. Bxb4 Rxb4 25. Nd4 Qb8 26. Qa3 Be5 27. Ke2 a5 28. Rd1 Qb7 29. Kf1 Nh7 30. Kg1 Ng5 31. h4 Ne6 32. Nxe6 Bxe6 33. Bf1 Rb3 34. Qc1 Rb4 35. Qa3 Bg4 36. Be2 Rb3 37. Qc1 Rb4 38. Bxg4 hxg4 39. Qa3 Rb3 40. Qc1 Qb4 41. Qd2 Qxa4 42. Qe2 Rb4 43. Rcd2 f5 44. Qa6 Qb5 45. Qc8+ Kf7 46. Qxf5+ Bf6 47. Qxg4 Qxc5 48. Qd7+ Be7 49. h5 Qd6 50. Qf5+ Qf6 51. Qd7 Rc4 52. Ra2 a4 53. Qa7 d4 54. exd4 Rc3 55. Qxa4 e3 56. Rf1 1-0


[Site "https://www.chess.com"]

[Event "Titled Tuesday Blitz June 14 Late 2022"]
[White "Buscar, Michael"]
[Black "Le Goff, Ronan"]
[WhiteFideId "2603616"]
[BlackFideId "612073"]
[WhiteElo "2010"]
[BlackElo "2276"]
[Result "1/2-1/2"]
[Round "08"]
[TimeControl "180+1"]
[Date "2022.06.15"]
[WhiteClock "0:00:15"]
[BlackClock "0:00:05"]

1. c4 e6 2. Nf3 d5 3. cxd5 exd5 4. g3 c6 5. Bg2 Nf6 6. O-O Bd6 7. d3 O-O 8. Bg5 h6 9. Be3 Re8 10. Bd4 Bf5 11. Nbd2 Bh7 12. Re1 Nbd7 13. b3 a5 14. a3 Qe7 15. Bb2 Bc5 16. Nf1 Ng4 17. e3 Bd6 18. h3 Nge5 19. Nxe5 Nxe5 20. Bxe5 Bxe5 21. d4 Bd6 22. Qc1 h5 23. Qb2 h4 24. g4 Bc7 25. Nd2 Qd6 26. Nf3 Be4 27. Qe2 f5 28. Ne5 Bxg2 29. Kxg2 Qf6 30. f4 Bxe5 31. dxe5 Qg6 32. g5 c5 33. Red1 Red8 34. Qb5 b6 35. Rd2 Qe6 36. Rad1 d4 37. Qc4 Qxc4 38. bxc4 d3 39. a4 Kf7 40. Rxd3 Rxd3 41. Rxd3 Ke6 42. Rd6+ Ke7 43. Rxb6 Rd8 44. Rb7+ Ke6 45. Rxg7 Rd2+ 46. Kf3 Rf2+ 47. Kxf2 1/2-1/2


[Site "https://www.chess.com"]

[Event "Titled Tuesday Blitz June 14 Late 2022"]
[White "Chiu, Isaac"]
[Black "Bobadilla Viera, Jorge Samuel"]
[WhiteFideId "30900654"]
[BlackFideId "3906353"]
[WhiteElo "2117"]
[BlackElo "2202"]
[Result "1/2-1/2"]
[Round "08"]
[TimeControl "180+1"]
[Date "2022.06.15"]
[WhiteClock "0:00:14"]
[BlackClock "0:00:11"]

1. d4 Nf6 2. Bg5 d5 3. Bxf6 gxf6 4. g3 c5 5. dxc5 Nc6 6. Bg2 e6 7. Nf3 Bxc5 8. O-O O-O 9. Nbd2 Qe7 10. e4 dxe4 11. Nxe4 Bb6 12. Qc1 f5 13. Ned2 Qf6 14. Nc4 Bc7 15. Re1 Rd8 16. Nfe5 Nxe5 17. Nxe5 Bxe5 18. Rxe5 Bd7 19. Qf4 Bc6 20. Rae1 Rac8 21. c3 Kg7 22. Bxc6 Rxc6 23. Kg2 Rcd6 24. R1e2 Rd3 25. Qb4 b6 26. Qc4 R3d5 27. Rxd5 Rxd5 28. Qc7 Ra5 29. a3 Qg5 30. Rxe6 f4 31. Re7 f3+ 32. Kxf3 Qd5+ 33. Ke3 Rb5 34. b4 Qg5+ 35. f4 Qg6 36. c4 Rh5 37. Re8 Rxh2 38. Qe5+ Kh6 39. Qg5+ Qxg5 40. fxg5+ Kxg5 41. Re7 f5 42. Rg7+ Kf6 43. Rxa7 h5 44. Kf3 Ra2 45. Ra6 Kg5 46. Ra8 Rc2 47. Rg8+ Kf6 48. Rf8+ Kg5 49. Rg8+ Kf6 50. Rb8 Rxc4 51. Rxb6+ Kg5 52. Rb8 Rc3+ 53. Kg2 Rxa3 54. Rg8+ Kf6 55. b5 Rb3 56. Rb8 Kg5 57. b6 Kf6 58. b7 Kg7 59. Kf2 Kh7 60. Rf8 Rxb7 61. Rxf5 Kg6 62. Ra5 Rb3 63. Ra6+ Kg5 64. Ra5+ Kg4 65. Ra4+ Kg5 66. Ra5+ Kg4 67. Ra4+ Kg5 68. Ra5+ 1/2-1/2


[Site "https://www.chess.com"]

[Event "Titled Tuesday Blitz June 14 Late 2022"]
[White "Colpe, Malte"]
[Black "Mekhitarian, Krikor Sevag"]
[WhiteFideId "24623075"]
[BlackFideId "2107660"]
[WhiteElo "2328"]
[BlackElo "2611"]
[Result "0-1"]
[Round "08"]
[TimeControl "180+1"]
[Date "2022.06.14"]
[WhiteClock "0:00:44"]
[BlackClock "0:00:58"]

1. e4 e5 2. Nf3 Nf6 3. Nxe5 d6 4. Nf3 Nxe4 5. Nc3 Nxc3 6. dxc3 Be7 7. Bf4 O-O 8. Qd2 Nd7 9. O-O-O Nc5 10. h4 a5 11. Kb1 b5 12. Ng5 b4 13. cxb4 axb4 14. Qxb4 Bf5 15. Bc4 Ra4 16. Qxc5 dxc5 17. Rxd8 Bxd8 18. b3 Rxc4 19. bxc4 Bf6 20. Bxc7 Rc8 21. Bf4 Rc6 22. Kc1 h6 23. Nf3 Ra6 24. Be5 Bxe5 25. Nxe5 Rxa2 26. Kd1 Ra1+ 0-1


[Site "https://www.chess.com"]

[Event "Titled Tuesday Blitz June 14 Late 2022"]
[White "D`Arruda, Ricardo D."]
[Black "Zhou, Liran"]
[WhiteFideId "100692"]
[BlackFideId "30931967"]
[WhiteElo "2505"]
[BlackElo "2637"]
[Result "1-0"]
[Round "08"]
[TimeControl "180+1"]
[Date "2022.06.15"]
[WhiteClock "0:00:07"]
[BlackClock "0:00:03"]

1. Nf3 Nf6 2. d4 g6 3. Nc3 d5 4. Bg5 Bg7 5. Bxf6 Bxf6 6. e4 dxe4 7. Nxe4 Bg7 8. Bc4 O-O 9. O-O Bf5 10. Qe2 Nc6 11. Rad1 Bg4 12. c3 e5 13. dxe5 Qe7 14. h3 Bxf3 15. Qxf3 Nxe5 16. Qe2 Rad8 17. Rfe1 Rfe8 18. Bb3 h6 19. Rxd8 Rxd8 20. Rd1 Re8 21. Qb5 c6 22. Qc5 Nd7 23. Qxe7 Rxe7 24. Nd6 Nc5 25. Bxf7+ Rxf7 26. Nxf7 Kxf7 27. Rd8 Bf6 28. Rc8 Ke6 29. Rc7 Be5 30. Rh7 h5 31. b4 Nd7 32. c4 a6 33. g3 Bc3 34. a3 Bb2 35. a4 Bc3 36. b5 Nc5 37. Rxb7 axb5 38. Rb6 Nxa4 39. Rxc6+ Kd7 40. cxb5 Be5 41. Rxg6 Nc3 42. Rg5 Bd4 43. Rxh5 Kd6 44. h4 Bc5 45. Rg5 Nxb5 46. h5 Nd4 47. Kg2 Ne6 48. Rg8 Bd4 49. h6 Ke7 50. h7 1-0


[Site "https://www.chess.com"]

[Event "Titled Tuesday Blitz June 14 Late 2022"]
[White "Dardha, Daniel"]
[Black "Kozak, Adam"]
[WhiteFideId "240990"]
[BlackFideId "753246"]
[WhiteElo "2482"]
[BlackElo "2459"]
[Result "0-1"]
[Round "08"]
[TimeControl "180+1"]
[Date "2022.06.14"]
[WhiteClock "0:00:02"]
[BlackClock "0:00:06"]

1. d4 Nf6 2. c4 e6 3. Nc3 Bb4 4. Qc2 b6 5. e4 c5 6. d5 Qe7 7. Ne2 exd5 8. exd5 d6 9. Bd2 O-O 10. O-O-O Ng4 11. Re1 Nxf2 12. Rg1 Qh4 13. g3 Qf6 14. g4 Bxg4 15. Ng3 Nd7 16. a3 Ba5 17. Nce4 Qf3 18. Be2 Bxd2+ 19. Qxd2 Nxe4 20. Nxe4 Qxe4 21. Rxg4 Qf5 22. Rf1 Qe5 23. Bd3 g6 24. h4 Rae8 25. Re4 Qg7 26. Ref4 h5 27. R4f2 Ne5 28. Kb1 Nxd3 29. Qxd3 Re7 30. Rf6 Re1+ 31. Ka2 Rxf1 32. Qxf1 Rd8 33. Qf4 Qf8 34. Qg5 Re8 35. Rxg6+ fxg6 36. Qxg6+ Kh8 37. Qxh5+ Kg7 38. Qg5+ Kf7 39. h5 Qg7 40. Qf5+ Qf6 41. Qd7+ Re7 42. Qc8 Kg7 43. Qg4+ Kh7 44. Qd1 Qf5 45. Qh1 Rf7 46. Qc1 Qe4 47. Qg5 Qxc4+ 0-1


[Site "https://www.chess.com"]

[Event "Titled Tuesday Blitz June 14 Late 2022"]
[White "Djokic, Mihailo"]
[Black "Adewumi, Tanitoluwa"]
[WhiteFideId "976440"]
[BlackFideId "30966396"]
[WhiteElo "2255"]
[BlackElo "2483"]
[Result "1-0"]
[Round "08"]
[TimeControl "180+1"]
[Date "2022.06.15"]
[WhiteClock "0:01:00"]
[BlackClock "0:00:01"]

1. e4 c5 2. Nf3 e6 3. d4 cxd4 4. Nxd4 Nc6 5. Nc3 Qc7 6. Be2 a6 7. O-O Nf6 8. Be3 Be7 9. f4 d6 10. Kh1 O-O 11. Qe1 Nxd4 12. Bxd4 e5 13. fxe5 dxe5 14. Qg3 Nd7 15. Nd5 Qd6 16. Bc3 Bd8 17. Rad1 Qe6 18. Bc4 Qg6 19. Bxe5 Nxe5 20. Qxe5 Bg4 21. Rd3 Rc8 22. Bb3 Be2 23. Rg3 Bxf1 24. Rxg6 hxg6 25. Kg1 Bc4 26. Bxc4 Rxc4 27. c3 Bf6 28. Nxf6+ gxf6 29. Qd5 Rfc8 30. Qxb7 R8c7 31. Qxa6 Kg7 32. Qb6 R4c6 33. Qd4 g5 34. e5 fxe5 35. Qxe5+ f6 36. Qd4 Re6 37. Kf2 Rce7 38. Qd3 Re5 39. a4 Re4 40. a5 Rf4+ 41. Kg3 Rfe4 42. Qb5 Re3+ 43. Kf2 R3e4 44. g3 g4 45. a6 R4e5 46. Qc4 Rf5+ 47. Kg2 Rd7 48. Qe2 Rfd5 49. Qxg4+ Kf7 50. Qc4 Ke7 51. b4 Rd2+ 52. Kh3 f5 53. a7 1-0


[Site "https://www.chess.com"]